 Dungeon Crawl Stone Soup version 0.31-a0-489-g282fc92437 (webtiles) character file.

Game seed: 11407141445769690571

283346 Ethylacetat the Metamorph (level 20, -10/143 (146) HPs)
             Began as a Vine Stalker Monk on Aug 8, 2023.
             Was the Champion of Jiyva.
             Shot with an arrow by a deep elf master archer (17 damage)
             ... on level 3 of the Elven Halls.
             The game lasted 02:14:09 (27572 turns).

Ethylacetat the Metamorph (Vine Stalker Monk)      Turns: 27572, Time: 02:14:09

HP:   -10/143 (146) AC: 32    Str: 28    XL:     20   Next: 10%
MP:   0/42          EV: 27    Int:  6    God:    Jiyva [******]
Gold: 726           SH: 22    Dex: 24    Spells: 39/46 levels left

rFire   + + +        F - +0 broad axe (freeze)
rCold   + + .        H - +1 tower shield {rC+}
rNeg    + . .        q - melded +4 scale mail {rF+}
rPois   ∞            b - +1 helmet of Lachrymose Salvation {Fly}
rElec   +            X - scarf {rC+ rF+}
rCorr   +            (gloves currently unavailable)
SInv    +            G - melded +1 pair of boots {Stlth+}
Will    ++...        m - amulet of magic regeneration
Stlth   ++           L - ring of the Hare {EV+10}
HPRegen 2.83/turn    Q - ring of the Princeling {Wiz rF++}
MPRegen 1.18/turn

%: guardian spirit, wizardry (x1)
@: statue-form, flying, lightly drained, very slow
A: slow and powerful, torment resistance 1, boosted hp, fangs 3, regeneration 1,
magic shield, antimagic bite, no potion heal 2, (iridescent scales 3), large
bone plates 1, see invisible, agile 2, high MP 1, sense surroundings 2, strong
2, wild magic 3, eyeballs 1, pseudopods 1
}: 3/15 runes: barnacled, slimy, gossamer
a: Begin Untransformation, Renounce Religion, Oozemancy, Slimify


You were on level 3 of the Elven Halls.
You worshipped Jiyva.
Jiyva was exalted by your worship.
You were a living statue of rough stone.
You visited 7 branches of the dungeon, and saw 38 of its levels.
You also visited: Sewer, Bailey and Ice Cave.

You collected 1697 gold pieces.
You spent 971 gold pieces at shops.

Inventory:

Hand Weapons
 a - a +2 heavy executioner's axe
 i - a +0 broad axe
 F - a +0 broad axe of freezing (weapon)
Missiles
 J - 3 throwing nets (quivered)
 V - 4 curare-tipped darts
Armour
 b - the +1 helmet of Lachrymose Salvation (worn) {Fly}
   (You took it off Robin on level 3 of the Dungeon)

   Fly:       It grants you flight.
 d - the +1 helmet "Cirphixa" {Fly rCorr Str-3 Dex-2}
   (You found it on level 1 of the Spider Nest)

   Str:       It affects your strength (-3).
   Dex:       It affects your dexterity (-2).
   Fly:       It grants you flight.
   rCorr:     It protects you from acid and corrosion.
 l - the +1 pair of gloves of Tyraeb {rElec rC- Regen+}
   (You found it on level 2 of the Spider Nest)

   rC:        It makes you vulnerable to cold.
   rElec:     It insulates you from electricity.
   Regen:     It increases your rate of health regeneration.
 q - a +4 scale mail of fire resistance (melded)
 s - +4 storm dragon scales {Bai Suzhen}
 B - a +1 cloak of willpower
 G - a +1 pair of boots of stealth (melded)
 H - a +1 tower shield of cold resistance (worn)
 X - a scarf of resistance (worn)
Jewellery
 m - an amulet of magic regeneration (around neck)
 L - the ring of the Hare (left fist) {EV+10}
   (You found it on level 5 of the Pits of Slime)

   [ring of evasion]

   EV:        It affects your evasion (+10).
 M - the ring "Viliutij" {Fly rElec Dex+4}
   (You found it on level 5 of the Pits of Slime)

   [ring of flight]

   Dex:       It affects your dexterity (+4).
   rElec:     It insulates you from electricity.
   Fly:       It grants you flight.
 O - the amulet "Jumin" {Spirit rPois SInv}
   (You found it on level 5 of the Pits of Slime)

   [amulet of guardian spirit]

   It causes incoming damage to be divided between your reserves of health and
   magic.
   rPois:     It protects you from poison.
   SInv:      It lets you see invisible.
 Q - the ring of the Princeling (right fist) {Wiz rF++}
   (You found it on level 9 of the Dungeon)

   [ring of wizardry]

   It improves your spell success rate.
   rF:        It greatly protects you from fire.
 W - the ring of Pantheism {rPois rF- rC+ EV+5 Int+4}
   (You took it off a white draconian in an ice cave)

   [ring of evasion]

   EV:        It affects your evasion (+5).
   Int:       It affects your intelligence (+4).
   rF:        It makes you vulnerable to fire.
   rC:        It protects you from cold.
   rPois:     It protects you from poison.
Talismans
 k - a talisman of death
 x - a granite talisman (active)
Wands
 g - a wand of iceblast (10)
 v - a wand of digging (13)
Scrolls
 c - 2 scrolls of enchant armour
 e - 4 scrolls of blinking
 f - 5 scrolls of enchant weapon
 j - a scroll of butterflies
 o - 7 scrolls of teleportation
 p - 7 scrolls of immolation
 t - a scroll of fear
 y - a scroll of poison
 A - 2 scrolls of fog
 C - 6 scrolls of amnesia
 E - 2 scrolls of revelation
 I - 3 scrolls of brand weapon
 P - a scroll of silence
Potions
 h - 8 potions of ambrosia
 n - 10 potions of curing
 r - a potion of might
 u - 2 potions of enlightenment
 w - 2 potions of attraction
 D - a potion of haste
 K - a potion of cancellation
 Y - a potion of resistance
 Z - a potion of invisibility
Miscellaneous
 z - a condenser vane
 R - a box of beasts
 S - a phial of floods


   Skills:
 + Level 15.1 Fighting
 * Level 16.8 Axes
 - Level 1.0 Armour
 + Level 8.4 Dodging
 + Level 6.9 Shields
 - Level 13.5 Spellcasting
 * Level 17.2 Shapeshifting


You had 39 spell levels left.
You knew the following spells:

 Your Spells              Type           Power      Damage    Failure   Level
a - Passwall              Tmut/Erth      5%         N/A       45%         2
b - Wereblood             Tmut           7%         N/A       45%         2
c - Vhi's Electric Charg  Tloc/Air       14%        N/A       65%         3

Your spell library contained the following spells:

 Spells                   Type           Power      Damage    Failure   Level
 Magic Dart               Conj           28%        1d4       36%         1
 Sandblast                Erth           14%        2d6       36%         1
 Slow                     Hex            28%        N/A       36%         1
 Call Imp                 Summ           14%        N/A       45%         2
 Momentum Strike          Conj/Tloc      14%        3d8       45%         2
 Confusing Touch          Hex            7%         N/A       65%         3
 Dazzling Flash           Conj/Hex       14%        N/A       65%         3
 Mephitic Cloud           Conj/Pois/Air  7%         N/A       65%         3
 Stone Arrow              Conj/Erth      14%        3d7       65%         3
 Vampiric Draining        Necr           7%         2d6       65%         3
 Cause Fear               Hex            3%         N/A       95%         4
 Agony                    Necr           7%         N/A       99%         5
 Arcjolt                  Conj/Air       3%         1d13      99%         5
 Fireball                 Conj/Fire      3%         3d4       99%         5
 Irradiate                Conj/Tmut      3%         3d12      99%         5
 Iskenderun's Battlesphe  Conj           7%         2d6       99%         5
 Silence                  Hex/Air        3%         N/A       99%         5
 Conjure Ball Lightning   Conj/Air       3%         3x3d6     100%        6
 Malign Gateway           Summ/Tloc      3%         N/A       100%        7
 Orb of Destruction       Conj           3%         9d5       100%        7
 Lehudib's Crystal Spear  Conj/Erth      3%         10d3      100%        8
 Maxwell's Capacitive Co  Air            3%         ∞         100%        8
 Summon Horrible Things   Summ           3%         N/A       100%        8
 Dragon's Call            Summ           3%         N/A       100%        9


Dungeon Overview and Level Annotations

Branches:
Dungeon (15/15)            Temple (0/1) D:7            Lair (5/5) D:10
 Shoals (4/4) Lair:3       Spider (4/4) Lair:2        Slime (5/5) Lair:4
    Orc (2/2) D:10            Elf (3/3) Orc:2        Vaults (0/5) D:13
 Depths (0/4) D:15          Sewer (visited)          Bailey (visited)
  IceCv (visited)

Altars:
Cheibriados
Dithmenos
Fedhas
Kikubaaqudgha
Okawaru
Xom
Zin
The Shining One
Jiyva

Shops:
D:6 =   D:14 ?   Orc:2 ([(**   Elf:3 *   Shoals:3 *

Annotations:
Slime:5 Royal Jelly


Innate Abilities, Weirdness & Mutations

You are a living statue of rough stone.
Your actions are slow, but your melee attacks are powerful.
You are resistant to unholy torment.
Your maximum health is greatly increased.
Your equipment is partially melded.
You are immune to poison.
You have razor-sharp teeth.
Your natural rate of healing is unusually fast.
When hurt, damage is shared between your health and your magic reserves.
Your bite disrupts and absorbs the magic of your enemies.
Potions cannot restore your health.
((You are completely covered in iridescent scales. (AC +6)))
You are partially covered in large bone plates. (SH +4)
You have supernaturally acute eyesight. (SInv)
You are very agile. (Dex +8, Str/Int -2)
You have an increased reservoir of magic. (+10% MP)
You passively map the area around you.
Your muscles are very strong. (Str +8, Int/Dex -2)
Your spells are much harder to cast, but much more powerful.
Your body has grown eyes which may confuse attackers. (Acc +3)
Armour fits poorly on your pseudopods.


Message History

The arrow hits you!
You hit the deep elf master archer. You freeze the deep elf master archer.
Your bite misses the deep elf master archer.
The deep elf master archer is moderately wounded.
The deep elf master archer shoots an arrow.
The arrow completely misses you.
The deep elf master archer shoots an arrow.
The arrow hits you!!
* * * LOW HITPOINT WARNING * * *
The deep elf master archer shoots an arrow.
You block the arrow.
The deep elf master archer shoots an arrow.
You block the arrow.
The deep elf master archer shoots an arrow.
The arrow hits you!!
* * * LOW HITPOINT WARNING * * *
The arrow burns you.
The deep elf master archer shoots an arrow.
You block the arrow.
The deep elf master archer shoots an arrow.
The arrow hits you!!
* * * LOW HITPOINT WARNING * * *
The deep elf master archer shoots an arrow.
You block the arrow.
The deep elf master archer shoots an arrow.
The arrow misses you.
Blink to where?
Press: ? - help, Dir - move target
As you read the scroll of blinking, it crumbles to dust.
The deep elf master archer shoots an arrow.
The arrow hits you!
* * * LOW HITPOINT WARNING * * *
The deep elf master archer shoots an arrow.
The arrow hits you.
* * * LOW HITPOINT WARNING * * *
The deep elf master archer shoots an arrow.
The arrow hits you but does no damage.
The deep elf master archer shoots an arrow.
The arrow hits you!!
You die...

#.......# ##.....##
##......#
##.......# ##.....#
######........#
#######
#....'...)....#
#.####........#
#.####........#
#....'...)....#
###+####........#
###e.....#8.......#
#e)ee.............#
#e#################
#e# #.# #.# #e# #e#
#e# ** *


You could see 2 deep elf master archers.

Vanquished Creatures
  Bai Suzhen (Shoals:4)
  Arachne (Spider:2)
  Rupert (Lair:1)
  3 deep elf blademasters (Elf:3)
  3 krakens
  Frances (Spider:2)
  Kirke (Lair:4)
  Agnes (Spider:3)
  Donald (Spider:4)
  Roxanne (Shoals:1)
  Aizul (Elf:1)
  A draconian knight (IceCv)
  2 emperor scorpions (Spider:4)
  6 ghost moths
  An orc warlord (Orc:2)
  2 deep elf sorcerers (Elf:2)
  Nessos (Lair:4)
  Azrael (Spider:2)
  A deep elf demonologist (Elf:1)
  2 spark wasps (Spider:4)
  5 white draconians (IceCv)
  A minotaur (shapeshifter) (Elf:3)
  4 deep elf death magi (Elf:3)
  Snorg (Lair:3)
  7 merfolk impalers
  5 merfolk javelineers
  A deep elf high priest (Elf:1)
  3 entropy weavers
  A rakshasa (D:15)
  Harold (Lair:1)
  7 hydras
  2 radroaches (Spider:4)
  2 vault guards (Bailey)
  4 boulder beetles
  4 merfolk avatars
  6 merfolk aquamancers
  3 centaur warriors
  5 satyrs
  34 dancing weapons
  Erica (D:11)
  4 death yaks (Lair:2)
  A death knight (D:12)
  The ghost of gyole the Covert, a journeyman KoDe of Wu Jian (D:10)
  4 alligator snapping turtles
  5 two-headed ogres
  3 demonic crawlers
  3 orc high priests (Orc:2)
  14 deep elf knights
  Amaemon (Lair:2)
  Sonja (Orc:2)
  A pharaoh ant (Spider:1)
  A deep troll (Spider:4)
  3 skysharks
  11 sea snakes
  A sun moth (Spider:3)
  6 orb spiders
  A swamp dragon (Lair:5)
  2 spriggan simulacra (Spider:3)
  4 orc knights (Orc:2)
  3 wizards
  13 deep elf archers
  A harpy (shapeshifter) (Elf:1)
  3 steelbarb worms
  25 deep elf pyromancers
  2 orange crystal statues
  16 harpies
  30 deep elf zephyrmancers
  A necromancer (D:15)
  19 wolf spiders
  15 ugly things
  2 wolf spider zombies (D:15)
  10 cyclopes
  5 orc sorcerers
  13 manticores
  A salamander (shapeshifter) (Elf:1)
  9 fauns
  10 elephants
  7 merfolk sirens
  A guardian serpent (D:14)
  A rust devil (D:10)
  A moth of wrath (shapeshifter) (Elf:2)
  A molten gargoyle (Elf:3)
  14 cane toads
  Joseph (Lair:1)
  6 water nymphs
  6 black mambas
  3 storm dragon simulacra (IceCv)
  5 torpor snails
  3 gargoyles
  Maggie (D:6)
  A smoke demon (D:10)
  An orange demon (Lair:2)
  A centaur skeleton (D:15)
  7 rime drakes
  8 komodo dragons
  An efreet (D:15)
  A freezing wraith (D:14)
  2 tengu conjurers (D:15)
  A yaktaur (D:10)
  A red devil (D:10)
  3 golden dragon simulacra (IceCv)
  6 trolls
  6 wind drakes
  2 polar bears
  29 tarantellas
  3 meliai (Spider:1)
  30 merfolk
  A hellwing (D:10)
  Prince Ribbit (Bailey)
  18 jumping spiders
  14 snapping turtles
  7 hornets
  11 blink frogs
  3 air elementals
  6 dream sheep
  15 culicivoras
  5 shadows
  18 water elementals
  A spriggan (Lair:3)
  A human (shapeshifter) (D:14)
  2 wyverns
  2 vampires (D:12)
  51 yaks
  8 basilisks
  11 fire bats
  5 hogs (Lair:4)
  4 humans
  4 wraiths
  11 fire elementals
  15 vampire mosquitoes
  35 redbacks
  4 steam dragons
  7 wargs (Orc:2)
  Edmund (D:6)
  4 minotaur simulacra (Spider:3)
  3 hell hounds
  9 water moccasins
  An acid dragon (D:11)
  8 ice dragon simulacra (IceCv)
  20 orc warriors
  A sky beast (D:7)
  2 swamp drakes (Lair:5)
  4 black bears
  2 ogres
  A boggart (D:12)
  An alligator simulacrum (Spider:3)
  12 wolves
  5 centaurs
  3 phantoms
  Blork the orc (D:5)
  3 kobold brigands
  7 earth elementals
  28 bullfrogs
  A deep troll simulacrum (Spider:3)
  A scorpion (D:5)
  10 wights
  15 killer bees
  7 lindwurm simulacra (IceCv)
  An electric eel (Spider:4)
  3 howler monkeys
  3 lava snakes
  13 orc priests
  2 gnoll boudas
  2 hounds
  3 sleepcaps
  2 jellies
  Jessica (D:2)
  6 iguanas (Lair:5)
  Terence (D:3)
  Natasha (thrice) (D:4)
  17 orc wizards
  Robin (D:3)
  16 gnolls
  11 adders
  3 river rats (Sewer)
  A white imp (D:8)
  3 ufetubi
  5 worms
  3 dart slugs
  35 orcs
  3 bats
  10 endoplasms
  6 giant cockroaches
  9 hobgoblins
  16 kobolds
  A quokka (D:4)
  15 ball pythons
  6 frilled lizards
  21 goblins
  14 rats
  5 tentacles
1178 creatures vanquished.

Vanquished Creatures (collateral kills)
  Josephine (D:11)
  A fire dragon (Lair:5)
  A radroach (Spider:2)
  An orb spider (Lair:2)
  A cyclops (D:13)
  A wolf spider simulacrum (D:15)
  2 wraiths (D:11)
  A basilisk (Lair:2)
  2 vampire mosquitoes (D:11)
11 creatures vanquished.

Vanquished Creatures (others)
  A boulder beetle (D:15)
  2 merfolk avatars
  An anaconda (shapeshifter) (Elf:1)
  2 centaur warriors (D:14)
  2 deep elf knights
  A deep elf archer (Elf:2)
  2 deep elf zephyrmancers (Elf:1)
  A deep elf pyromancer (Elf:1)
  4 ugly things (D:14)
  2 wolf spiders (Spider:4)
  An orc sorcerer (D:15)
  A rime drake (Lair:1)
  3 slime creatures (D:15)
  A yak (Lair:1)
  A human (Lair:4)
  A redback (Spider:4)
  A fire bat (Elf:3)
  An ice beast (shapeshifter) (Elf:2)
  2 centaurs (Shoals:1)
  A bullfrog (Lair:3)
  3 killer bees (D:10)
  A howler monkey (D:7)
  155 jellies
  An orc priest (D:10)
  An orc wizard (Orc:2)
  3 orcs
  17 tentacles
212 creatures vanquished.

Grand Total: 1401 creatures vanquished

Notes
Turn   | Place    | Note
-------+----------+-------------------------------------------
     0 | D:1      | Ethylacetat the Vine Stalker Monk began the quest for the
                  | Orb.
     0 | D:1      | Reached XP level 1. HP: 11/11 MP: 2/2
   241 | D:1      | Reached XP level 2. HP: 16/16 MP: 3/3
   418 | D:1      | Reached skill level 1 in Spellcasting
   857 | D:1      | Found a faded altar of an unknown god.
  1077 | D:2      | Reached XP level 3. HP: 20/20 MP: 5/5
  1342 | D:2      | Noticed Jessica
  1345 | D:2      | Gained mutation: Your natural rate of healing is unusually
                  | fast. [Vine Stalker growth]
  1345 | D:2      | Reached XP level 4. HP: 24/24 MP: 7/7
  1348 | D:2      | Killed Jessica
  1351 | D:2      | HP: 1/24 [poisoned by Jessica]
  1356 | D:2      | HP: 1/24 [poisoned by Jessica]
  2135 | D:3      | Found an iron altar of Okawaru.
  2143 | D:3      | Reached XP level 5. HP: 24/29 MP: 6/9
  2174 | D:3      | Noticed Terence
  2185 | D:3      | Killed Terence
  2323 | D:3      | Identified the +1 helmet of Lachrymose Salvation {Fly}
  2323 | D:3      | Noticed Robin
  2345 | D:3      | Killed Robin
  2652 | D:4      | Identified the +4 leather armour of Uchauhe {Str+4}
  2678 | D:4      | Noticed Natasha
  2685 | D:4      | Killed Natasha
  2686 | D:4      | Reached XP level 6. HP: 30/33 MP: 9/11
  3007 | D:4      | Noticed Natasha
  3012 | D:4      | Killed Natasha
  3020 | D:4      | Reached XP level 7. HP: 38/38 MP: 13/13
  3073 | D:4      | Noticed Natasha
  3079 | D:4      | Killed Natasha
  3717 | D:5      | Entered Level 5 of the Dungeon
  3875 | D:5      | Noticed Blork the orc
  3882 | D:5      | Killed Blork the orc
  3956 | D:5      | Reached skill level 5 in Fighting
  3956 | D:5      | Reached skill level 5 in Axes
  3972 | D:5      | Found a snail-covered altar of Cheibriados.
  4277 | D:5      | Gained mutation: You have razor-sharp teeth. [Vine Stalker
                  | growth]
  4277 | D:5      | Reached XP level 8. HP: 25/43 MP: 9/16
  4283 | D:5      | Reached skill level 5 in Spellcasting
  4678 | D:6      | Found Ixing's Jewellery Shoppe.
  4783 | D:6      | Found a glowing drain.
  4787 | Sewer    | Entered a sewer
  4918 | Sewer    | Found a viscous altar of Jiyva.
  4935 | Sewer    | Became a worshipper of Jiyva Jouruosi the Shapeless
  4935 | Sewer    | Reached * piety under Jiyva
  4935 | Sewer    | Reached ** piety under Jiyva
  5103 | D:6      | Noticed Maggie
  5119 | D:6      | Killed Maggie
  5120 | D:6      | Reached XP level 9. HP: 39/49 MP: 16/19
  5133 | D:6      | Noticed Edmund
  5148 | D:6      | Killed Edmund
  5301 | D:6      | Learned a level 2 spell: Passwall
  5532 | D:6      | Found a glowing silver altar of Zin.
  5855 | D:7      | Found a glowing golden altar of the Shining One.
  5938 | D:7      | Found a shadowy altar of Dithmenos.
  6013 | D:7      | Reached *** piety under Jiyva
  6258 | D:7      | Found a staircase to the Ecumenical Temple.
  6316 | D:8      | Found a flagged portal.
  6331 | D:8      | Reached skill level 1 in Shapeshifting
  6343 | Bailey   | Entered a bailey
  6377 | Bailey   | Reached skill level 2 in Shapeshifting
  6414 | Bailey   | Reached skill level 3 in Shapeshifting
  6446 | Bailey   | Noticed a vault guard
  6452 | Bailey   | Reached XP level 10. HP: 54/55 MP: 22/22
  6496 | Bailey   | Killed a vault guard
  6497 | Bailey   | Reached skill level 4 in Shapeshifting
  6504 | Bailey   | Gained mutation: You have a small jelly attached to you
                  | that may absorb projectiles. [Jiyva's grace]
  6504 | Bailey   | Gained mutation: Armour fits poorly on your pseudopods.
                  | [Jiyva's grace]
  6504 | Bailey   | Gained mutation: Armour fits poorly on your large
                  | pseudopods. [Jiyva's grace]
  6504 | Bailey   | Gained mutation: Armour fits poorly on your massive
                  | pseudopods. [Jiyva's grace]
  6504 | Bailey   | Noticed Prince Ribbit
  6504 | Bailey   | Noticed a vault guard
  6519 | Bailey   | Killed Prince Ribbit
  6554 | Bailey   | Killed a vault guard
  6685 | D:8      | Reached skill level 5 in Shapeshifting
  6717 | D:8      | Learned a level 2 spell: Wereblood
  7021 | D:8      | Reached **** piety under Jiyva
  7230 | D:9      | Learned a level 3 spell: Vhi's Electric Charge
  7256 | D:9      | Noticed a cyclops
  7278 | D:9      | Killed a cyclops
  7424 | D:9      | Noticed an orange crystal statue
  7482 | D:9      | Reached XP level 11. HP: 60/60 MP: 24/24
  7489 | D:9      | Reached skill level 6 in Shapeshifting
  7639 | D:9      | Lost mutation: You have a small jelly attached to you that
                  | may absorb projectiles. [potion of mutation]
  7639 | D:9      | Lost mutation: Armour fits poorly on your massive
                  | pseudopods. [potion of mutation]
  7639 | D:9      | Lost mutation: Armour fits poorly on your large pseudopods.
                  | [potion of mutation]
  7639 | D:9      | Gained mutation: You are agile. (Dex +4, Str/Int -1)
                  | [potion of mutation]
  7639 | D:9      | Gained mutation: You are dopey. (Int -2) [potion of
                  | mutation]
  7700 | D:9      | Paralysed by a hornet for 3 turns
  7787 | D:9      | Reached ***** piety under Jiyva
  7879 | D:9      | Lost mutation: You are agile. (Dex +4, Str/Int -1) [Jiyva's
                  | grace]
  7879 | D:9      | Lost mutation: You are dopey. (Int -2) [Jiyva's grace]
  7879 | D:9      | Lost mutation: Armour fits poorly on your pseudopods.
                  | [Jiyva's grace]
  7879 | D:9      | Gained mutation: You passively map a small area around you.
                  | [Jiyva's grace]
  7879 | D:9      | Gained mutation: You passively map the area around you.
                  | [Jiyva's grace]
  7879 | D:9      | Gained mutation: You passively map a large area around you.
                  | [Jiyva's grace]
  7879 | D:9      | Gained mutation: You are covered in slimy tendrils that may
                  | disarm your opponents. [Jiyva's grace]
  8206 | D:10     | Entered Level 10 of the Dungeon
  8319 | D:10     | Identified a scroll of acquirement
  8462 | D:10     | Found a transporter.
  8464 | D:10     | Noticed a two-headed ogre
  8466 | D:10     | Noticed gyole's ghost (journeyman KoDe)
  8469 | D:10     | Killed a two-headed ogre
  8470 | D:10     | Reached skill level 7 in Shapeshifting
  8470 | D:10     | Found a transporter.
  8518 | D:10     | Found a staircase to the Lair.
  8583 | D:10     | Noticed a two-headed ogre
  8588 | D:10     | Killed a two-headed ogre
  8905 | D:10     | Found a staircase to the Orcish Mines.
  9064 | D:10     | Killed gyole's ghost
  9139 | D:11     | Reached XP level 12. HP: 65/66 MP: 26/26
  9149 | D:11     | Reached skill level 8 in Shapeshifting
  9219 | D:11     | Noticed Erica
  9221 | D:11     | Noticed Josephine
  9265 | D:11     | Killed Erica
  9272 | D:11     | Killed Josephine
  9511 | D:11     | Lost mutation: You passively map a large area around you.
                  | [Jiyva's grace]
  9511 | D:11     | Gained mutation: Your system is resistant to poisons.
                  | (rPois) [Jiyva's grace]
  9511 | D:11     | Gained mutation: You have an increased reservoir of magic.
                  | (+10% MP) [Jiyva's grace]
  9511 | D:11     | Gained mutation: You have a considerably increased
                  | reservoir of magic. (+20% MP) [Jiyva's grace]
  9511 | D:11     | Gained mutation: You have a greatly increased reservoir of
                  | magic. (+30% MP) [Jiyva's grace]
  9738 | D:12     | Reached skill level 10 in Spellcasting
  9936 | D:12     | Reached skill level 9 in Shapeshifting
 10101 | D:12     | Reached skill level 10 in Fighting
 10372 | D:12     | Noticed a death knight
 10418 | D:12     | Killed a death knight
 10565 | D:12     | Reached skill level 10 in Axes
 10584 | D:12     | Noticed a two-headed ogre
 10592 | D:12     | Killed a two-headed ogre
 10729 | D:13     | Reached ****** piety under Jiyva
 10763 | D:13     | Reached XP level 13. HP: 69/72 MP: 34/36
 10962 | D:13     | Reached skill level 10 in Shapeshifting
 11080 | D:13     | HP: 2/72 [+5 long sword (2)]
 11225 | Lair:1   | Entered Level 1 of the Lair of Beasts
 11225 | Lair:1   | Noticed Joseph
 11237 | Lair:1   | Killed Joseph
 11257 | Lair:1   | Lost mutation: You passively map the area around you.
                  | [Jiyva's grace]
 11257 | Lair:1   | Lost mutation: Your system is resistant to poisons. (rPois)
                  | [Jiyva's grace]
 11257 | Lair:1   | Gained mutation: You are agile. (Dex +4, Str/Int -1)
                  | [Jiyva's grace]
 11257 | Lair:1   | Gained mutation: You are very agile. (Dex +8, Str/Int -2)
                  | [Jiyva's grace]
 11257 | Lair:1   | Gained mutation: Your muscles are strong. (Str +4, Int/Dex
                  | -1) [Jiyva's grace]
 11257 | Lair:1   | Gained mutation: Your muscles are very strong. (Str +8,
                  | Int/Dex -2) [Jiyva's grace]
 11487 | Lair:1   | Noticed Harold
 11504 | Lair:1   | Killed Harold
 11885 | Lair:1   | Found a runed translucent door.
 11885 | Lair:1   | Noticed Rupert
 11950 | Lair:1   | Paralysed by Rupert for 5 turns
 11960 | Lair:1   | Killed Rupert
 12106 | Lair:2   | Reached skill level 11 in Shapeshifting
 12139 | Lair:2   | Reached XP level 14. HP: 52/79 MP: 39/39
 12287 | Lair:2   | Noticed Amaemon
 12297 | Lair:2   | Killed Amaemon
 12460 | Lair:2   | Found a hole to the Spider Nest.
 12474 | Lair:2   | Lost mutation: You are very agile. (Dex +8, Str/Int -2)
                  | [Jiyva's grace]
 12474 | Lair:2   | Lost mutation: You have a greatly increased reservoir of
                  | magic. (+30% MP) [Jiyva's grace]
 12474 | Lair:2   | Lost mutation: You passively map a small area around you.
                  | [Jiyva's grace]
 12474 | Lair:2   | Gained mutation: Your rubbery body absorbs attacks. (AC +1,
                  | EV +1) [Jiyva's grace]
 12474 | Lair:2   | Gained mutation: Your pliable body absorbs attacks. (AC +2,
                  | EV +2) [Jiyva's grace]
 12474 | Lair:2   | Gained mutation: Your gelatinous body deflects attacks. (AC
                  | +3, EV +3) [Jiyva's grace]
 12474 | Lair:2   | Gained mutation: Armour fits poorly on your pseudopods.
                  | [Jiyva's grace]
 12800 | Lair:3   | Found a staircase to the Shoals.
 13044 | Lair:3   | Noticed Snorg
 13052 | Lair:3   | Killed Snorg
 13157 | Lair:3   | Identified the +3 ring mail "Oggaun" {+Blink rF+++ Will-
                  | Stlth+}
 13382 | Lair:4   | Found a staircase to the Slime Pits.
 13390 | Lair:4   | Reached skill level 12 in Shapeshifting
 13413 | Lair:4   | Identified the +4 flail "Kuzosh" {heavy, rC- rCorr Str-5
                  | Dex+6}
 13413 | Lair:4   | Noticed Kirke
 13424 | Lair:4   | Killed Kirke
 13434 | Slime:1  | Entered Level 1 of the Pits of Slime
 13453 | Slime:3  | Noticed an acid blob
 13632 | Slime:4  | Noticed an acid blob
 13705 | Slime:5  | Entered Level 5 of the Pits of Slime
 13705 | Slime:5  | Noticed an acid blob
 13772 | Slime:5  | Noticed an acid blob
 13844 | Slime:5  | Noticed an acid blob
 13870 | Slime:5  | Noticed a rockslime
 13893 | Slime:5  | Noticed a quicksilver ooze
 13894 | Slime:5  | Found a viscous altar of Jiyva.
 13894 | Slime:5  | Noticed an acid blob
 13898 | Slime:5  | Identified the +6 short sword of Esmip {freeze, Will+ MP+9
                  | Int+3 Stlth-}
 13898 | Slime:5  | Found the +7 sceptre of Torment {pain, torment}
 13902 | Slime:5  | Got a slimy rune of Zot
 13905 | Slime:5  | Found the ring of the Hare {EV+10}
 13918 | Slime:5  | Noticed an acid blob
 13922 | Slime:5  | Identified the ring "Viliutij" {Fly rElec Dex+4}
 13924 | Slime:5  | Identified the +5 great sword of Cowardice {flame, rPois
                  | rCorr}
 13926 | Slime:5  | Identified the amulet "Jumin" {Spirit rPois SInv}
 13939 | Slime:5  | Identified the staff of Prescription {rCorr Conj}
 13941 | Slime:5  | Got the Elucidation of Solid Assaults
 13948 | Slime:5  | Noticed an acid blob
 13962 | Slime:5  | Noticed an acid blob
 14011 | Slime:5  | Noticed the Royal Jelly
 14084 | Slime:2  | Noticed a quicksilver ooze
 14151 | Slime:2  | Noticed a quicksilver ooze
 14248 | Slime:2  | Noticed an acid blob
 14248 | Slime:2  | Noticed an azure jelly
 14335 | Slime:2  | Noticed a rockslime
 14361 | Slime:1  | Noticed an acid blob
 14361 | Slime:1  | Noticed a rockslime
 14362 | Slime:1  | Noticed an acid blob
 14560 | Slime:1  | Noticed a quicksilver ooze
 14560 | Slime:1  | Noticed an acid blob
 14911 | Lair:4   | Gained mutation: Armour fits poorly on your large
                  | pseudopods. [Jiyva's grace]
 14911 | Lair:4   | Gained mutation: Armour fits poorly on your massive
                  | pseudopods. [Jiyva's grace]
 14911 | Lair:4   | Gained mutation: Your mind is acute. (Int +4, Str/Dex -1)
                  | [Jiyva's grace]
 14911 | Lair:4   | Gained mutation: Your mind is very acute. (Int +8, Str/Dex
                  | -2) [Jiyva's grace]
 14942 | Lair:4   | Noticed Nessos
 14960 | Lair:4   | Killed Nessos
 15134 | Lair:5   | Entered Level 5 of the Lair of Beasts
 15223 | Lair:5   | Reached XP level 15. HP: 45/84 MP: 29/38
 16082 | D:9      | Identified the ring of the Princeling {Wiz rF++}
 16095 | D:9      | Identified the +4 whip "Neptoeq" {pain, Will- Int+6}
 16469 | D:13     | Reached skill level 13 in Shapeshifting
 16625 | D:13     | Found a gate to the Vaults.
 16697 | D:14     | Found a shimmering altar of Xom.
 16698 | D:14     | Found a shimmering altar of Xom.
 16702 | D:14     | Found a shimmering altar of Xom.
 16926 | D:14     | Lost mutation: You have a considerably increased reservoir
                  | of magic. (+20% MP) [Jiyva's grace]
 16926 | D:14     | Lost mutation: Your gelatinous body deflects attacks. (AC
                  | +3, EV +3) [Jiyva's grace]
 16926 | D:14     | Lost mutation: Your pliable body absorbs attacks. (AC +2,
                  | EV +2) [Jiyva's grace]
 16926 | D:14     | Gained mutation: You have a small jelly attached to you
                  | that may absorb projectiles. [Jiyva's grace]
 16926 | D:14     | Gained mutation: You are somewhat resistant to further
                  | mutation. [Jiyva's grace]
 16926 | D:14     | Gained mutation: You are somewhat resistant to both further
                  | mutation and mutation removal. [Jiyva's grace]
 16926 | D:14     | Gained mutation: You are almost entirely resistant to
                  | further mutation and mutation removal. [Jiyva's grace]
 17204 | D:14     | Found Sene's Magic Scroll Emporium.
 17212 | D:14     | Bought a scroll of blinking for 112 gold pieces
 17212 | D:14     | Bought a scroll of blinking for 112 gold pieces
 17212 | D:14     | Bought a scroll of blinking for 112 gold pieces
 17212 | D:14     | Bought a scroll of enchant weapon for 112 gold pieces
 17212 | D:14     | Bought a scroll of enchant weapon for 112 gold pieces
 17364 | D:15     | Entered Level 15 of the Dungeon
 17892 | D:15     | Found a staircase to the Depths.
 18272 | Orc:1    | Entered Level 1 of the Orcish Mines
 18469 | Orc:1    | Lost mutation: Your mind is very acute. (Int +8, Str/Dex
                  | -2) [Jiyva's grace]
 18469 | Orc:1    | Lost mutation: Your mind is acute. (Int +4, Str/Dex -1)
                  | [Jiyva's grace]
 18469 | Orc:1    | Lost mutation: You are almost entirely resistant to further
                  | mutation and mutation removal. [Jiyva's grace]
 18469 | Orc:1    | Gained mutation: Your body has grown eyes which may confuse
                  | attackers. (Acc +3) [Jiyva's grace]
 18469 | Orc:1    | Gained mutation: Your body has grown many eyes which may
                  | confuse attackers. (Acc +5) [Jiyva's grace]
 18469 | Orc:1    | Gained mutation: Your body is covered in eyes which may
                  | confuse attackers. (Acc +7, SInv) [Jiyva's grace]
 18469 | Orc:1    | Gained mutation: You are robust. (+10% HP) [Jiyva's grace]
 18529 | Orc:2    | Entered Level 2 of the Orcish Mines
 18529 | Orc:2    | Noticed an orc warlord
 18536 | Orc:2    | Killed an orc warlord
 18537 | Orc:2    | Reached skill level 1 in Armour
 18582 | Orc:2    | Found a staircase to the Elven Halls.
 18586 | Orc:2    | Noticed Sonja
 18593 | Orc:2    | Killed Sonja
 18610 | Orc:2    | Reached XP level 16. HP: 99/99 MP: 37/37
 18624 | Orc:2    | Found Cixiygh's Weapon Shop.
 18685 | Orc:2    | Found Darule's Weapon Shop.
 18685 | Orc:2    | Found Ginuythe's Antique Armour Shop.
 18686 | Orc:2    | Found Etait's Assorted Antiques.
 18686 | Orc:2    | Found Gyilet's Assorted Antiques.
 18699 | Orc:2    | Bought a scroll of teleportation for 81 gold pieces
 18699 | Orc:2    | Bought a scratched golden ring for 135 gold pieces
 18699 | Orc:2    | Bought a potion of curing for 81 gold pieces
 19001 | Spider:1 | Entered Level 1 of the Spider Nest
 19028 | Spider:1 | Reached skill level 14 in Shapeshifting
 19038 | Spider:1 | Acquired a +2 heavy executioner's axe
 19066 | Spider:1 | Identified the +1 helmet "Cirphixa" {Fly rCorr Str-3 Dex-2}
 19160 | Spider:1 | Found a runed translucent door.
 19419 | Spider:2 | Noticed Frances
 19426 | Spider:2 | Killed Frances
 19500 | Spider:2 | Noticed Azrael
 19504 | Spider:2 | Killed Azrael
 19658 | Spider:2 | Identified the +1 pair of gloves of Tyraeb {rElec rC-
                  | Regen+}
 19740 | Spider:2 | Noticed Arachne
 19748 | Spider:2 | Killed Arachne
 19904 | Spider:3 | Noticed Agnes
 19924 | Spider:3 | Found a frozen archway.
 19942 | IceCv    | Entered an ice cave
 20184 | IceCv    | Reached XP level 17. HP: 104/104 MP: 39/39
 20206 | IceCv    | Identified the ring of Pantheism {rPois rF- rC+ EV+5 Int+4}
 20232 | IceCv    | Reached skill level 5 in Dodging
 20383 | Spider:3 | Lost mutation: You are agile. (Dex +4, Str/Int -1) [Jiyva's
                  | grace]
 20383 | Spider:3 | Lost mutation: Your body is covered in eyes which may
                  | confuse attackers. (Acc +7, SInv) [Jiyva's grace]
 20383 | Spider:3 | Lost mutation: Armour fits poorly on your massive
                  | pseudopods. [Jiyva's grace]
 20383 | Spider:3 | Gained mutation: You are agile. (Dex +4, Str/Int -1)
                  | [Jiyva's grace]
 20383 | Spider:3 | Gained mutation: You are very agile. (Dex +8, Str/Int -2)
                  | [Jiyva's grace]
 20383 | Spider:3 | Lost mutation: You are somewhat resistant to both further
                  | mutation and mutation removal. [Jiyva's grace]
 20383 | Spider:3 | Lost mutation: You are somewhat resistant to further
                  | mutation. [Jiyva's grace]
 20383 | Spider:3 | Gained mutation: You have hidden genetic potential.
                  | [Jiyva's grace]
 20383 | Spider:3 | Gained mutation: You have great hidden genetic potential.
                  | [Jiyva's grace]
 20581 | Spider:3 | Reached skill level 15 in Shapeshifting
 20640 | Spider:3 | Reached skill level 1 in Shields
 20645 | Spider:3 | Killed Agnes
 20957 | Spider:4 | Entered Level 4 of the Spider Nest
 21117 | Spider:4 | Noticed Donald
 21138 | Spider:4 | Killed Donald
 21578 | Spider:4 | Got a gossamer rune of Zot
 21762 | Shoals:1 | Entered Level 1 of the Shoals
 21777 | Shoals:1 | Noticed a kraken
 21784 | Shoals:1 | Killed a kraken
 21975 | Shoals:1 | Found a blossoming altar of Fedhas.
 22207 | Shoals:1 | Lost mutation: Your muscles are very strong. (Str +8,
                  | Int/Dex -2) [Jiyva's grace]
 22207 | Shoals:1 | Lost mutation: Your rubbery body absorbs attacks. (AC +1,
                  | EV +1) [Jiyva's grace]
 22207 | Shoals:1 | Lost mutation: Armour fits poorly on your large pseudopods.
                  | [Jiyva's grace]
 22207 | Shoals:1 | Lost mutation: You have great hidden genetic potential.
                  | [Jiyva's grace]
 22207 | Shoals:1 | Lost mutation: You have a small jelly attached to you that
                  | may absorb projectiles. [Jiyva's grace]
 22207 | Shoals:1 | Gained mutation: Your spells are a little harder to cast,
                  | but a little more powerful. [Jiyva's grace]
 22207 | Shoals:1 | Gained mutation: Your spells are harder to cast, but more
                  | powerful. [Jiyva's grace]
 22207 | Shoals:1 | Gained mutation: Your spells are much harder to cast, but
                  | much more powerful. [Jiyva's grace]
 22207 | Shoals:1 | Gained mutation: You passively dampen the noise of your
                  | surroundings. [Jiyva's grace]
 22256 | Shoals:1 | Noticed Roxanne
 22277 | Shoals:1 | Killed Roxanne
 22562 | Shoals:2 | Reached XP level 18. HP: 111/111 MP: 35/40
 22616 | Shoals:2 | Gained mutation: You are partially covered in large bone
                  | plates. (SH +4) [hidden potential]
 22804 | Shoals:2 | Reached skill level 15 in Axes
 23184 | Shoals:2 | Identified the +7 rapier of the Imbibing Firefly
                  | {antimagic, Drain Fly Int+3}
 23688 | Shoals:3 | Found Otubb's CLEARANCE SALE!.
 23700 | Shoals:3 | Bought 3 scrolls of brand weapon for 114 gold pieces
 23777 | Shoals:3 | Reached skill level 16 in Shapeshifting
 24304 | Shoals:4 | Entered Level 4 of the Shoals
 24331 | Shoals:4 | Noticed Bai Suzhen
 24343 | Shoals:4 | Killed Bai Suzhen
 24437 | Shoals:4 | Got a barnacled rune of Zot
 24589 | Shoals:4 | Reached skill level 5 in Shields
 24737 | Shoals:4 | Lost mutation: You are robust. (+10% HP) [Jiyva's grace]
 24737 | Shoals:4 | Lost mutation: You are covered in slimy tendrils that may
                  | disarm your opponents. [Jiyva's grace]
 24737 | Shoals:4 | Lost mutation: You passively dampen the noise of your
                  | surroundings. [Jiyva's grace]
 24737 | Shoals:4 | Gained mutation: You have supernaturally acute eyesight.
                  | (SInv) [Jiyva's grace]
 24737 | Shoals:4 | Gained mutation: Your muscles are very strong. (Str +8,
                  | Int/Dex -2) [Jiyva's grace]
 24737 | Shoals:4 | Gained mutation: You passively map a small area around you.
                  | [Jiyva's grace]
 24737 | Shoals:4 | Gained mutation: You passively map the area around you.
                  | [Jiyva's grace]
 24803 | Shoals:4 | Reached XP level 19. HP: 107/107 MP: 41/41
 25053 | Shoals:4 | Identified the +1 glaive of Blood {flame, rCorr Dex+5}
 25320 | Elf:1    | Entered Level 1 of the Elven Halls
 25343 | Elf:1    | Gained mutation: You are partially covered in iridescent
                  | scales. (AC +2) [hidden potential]
 25343 | Elf:1    | Lost mutation: You have hidden genetic potential. [hidden
                  | potential expressed]
 25407 | Elf:1    | Noticed Aizul
 25424 | Elf:1    | Killed Aizul
 25603 | Elf:1    | Found an ancient bone altar of Kikubaaqudgha.
 25983 | Elf:2    | Found a runed translucent gate.
 26246 | Elf:2    | Found a runed translucent gate.
 26246 | Elf:2    | Found a runed translucent gate.
 26652 | Elf:2    | Reached skill level 17 in Shapeshifting
 26672 | Elf:2    | Reached skill level 15 in Fighting
 26883 | Elf:3    | Entered Level 3 of the Elven Halls
 26957 | Elf:3    | Paralysed by an air elemental for 1 turns
 26982 | Elf:3    | Found Xaank's Elven Fire.
 27072 | Elf:3    | Lost mutation: You are partially covered in iridescent
                  | scales. (AC +2) [Jiyva's grace]
 27072 | Elf:3    | Lost mutation: You passively map the area around you.
                  | [Jiyva's grace]
 27072 | Elf:3    | Lost mutation: Your body has grown many eyes which may
                  | confuse attackers. (Acc +5) [Jiyva's grace]
 27072 | Elf:3    | Gained mutation: You are partially covered in iridescent
                  | scales. (AC +2) [Jiyva's grace]
 27072 | Elf:3    | Gained mutation: You are mostly covered in iridescent
                  | scales. (AC +4) [Jiyva's grace]
 27072 | Elf:3    | Gained mutation: You are completely covered in iridescent
                  | scales. (AC +6) [Jiyva's grace]
 27072 | Elf:3    | Gained mutation: You passively map the area around you.
                  | [Jiyva's grace]
 27476 | Elf:3    | Reached XP level 20. HP: 113/113 MP: 42/42
 27571 | Elf:3    | HP: 5/143 [deep elf master archer/arrow (11)]
 27572 | Elf:3    | Shot with an arrow by a deep elf master archer

Illustrated notes

Levels and vault maps discovered:
D:1:      dpeg_arrival_prison, layout_basic,
          dreamdust_ecumenical_altar_hidden_monk_grotto, chequers_avenue
D:2:      layout_loops_ring, uniq_jessica
D:3:      layout_basic, okawaru_altar_gauntlet_db, uniq_terence, uniq_robin
D:4:      layout_gridville, minmay_misc_feat_more_columns, uniq_natasha
D:5:      layout_loops_corners, slow_altar_2, chequers_serial_rivers_micro_d,
          uniq_blork_the_orc
D:6:      layout_rooms, zin_academy, serial_shops, nicolae_shop_tiny_glass,
          gup_sewer_entry_spiral, uniq_edmund, uniq_maggie
D:7:      layout_basic, nicolae_tso_swordbearing_angel, lemuel_tele_altar,
          minmay_temple_entry_gardened_gates
D:8:      layout_gridville, enter_bailey_5
D:9:      layout_stronghold, minmay_protected_statue
D:10:     layout_loops_ring, david_lair_generic, orc_0_dummy,
          gammafunk_ghost_arena, nicolae_where_there's_smoke
D:11:     layout_big_octagon, hangedman_incinerator, uniq_erica, uniq_josephine
D:12:     kennysheep_bubbly, layout_irregular_city
D:13:     layout_irregular_city, erik_vaults_1, kennysheep_dice
D:14:     layout_long_grid, serial_shops, nicolae_shop_crystal, xom_redecorated,
          nrook_guardian_serpent_double
D:15:     grunt_enter_depths_magical_seal, layout_basic, bh_walls_and_bars
Lair:1:   layout_roguey, pdpol_lair_cabin_in_the_woods, uniq_joseph, uniq_harold
Lair:2:   layout_hall_layers, nicolae_spider_entry_orb_guardian,
          lemuel_fruit_tree, uniq_amaemon
Lair:3:   layout_regular_city, minmay_shoals_entry_beasts,
          grunt_forest_large_clearings, grunt_megastairs_5, uniq_snorg
Lair:4:   layout_misc_corridors, slime_entry_1, grunt_megastairs_2, uniq_kirke,
          uniq_nessos
Lair:5:   guppyfry_lair_end_dragon, layout_hall_layers,
          chequers_serial_rivers_micro_e, dreamdust_mushroom_princess,
          lemuel_old_faithful
Shoals:1: layout_shoals, lemuel_centaur_altar, uniq_roxanne
Shoals:2: layout_shoals, nicolae_shoals_water_booths
Shoals:3: layout_shoals, nicolae_shop_clearance
Shoals:4: shoals_end_grunt_garden, layout_shoals, uniq_bai_suzhen
Spider:1: cheibrodos_spider_deadly_dance
Spider:2: nicolae_spider_mines_3, uniq_frances, uniq_arachne, uniq_azrael
Spider:3: layout_spider_delve, portal_ice_cave_entry_ice_simulacra, uniq_agnes
Spider:4: spider_rune_water, uniq_donald
Slime:1:  layout_caves
Slime:2:  layout_caves
Slime:3:  layout_caves
Slime:4:  layout_caves
Slime:5:  slime_pit
Orc:1:    layout_diamond_mine
Orc:2:    st_orc_elflike, layout_caves, serial_shops, nicolae_shop_crystal,
          mines5_lemuel, uniq_sonja
Elf:1:    minmay_elf_arrival_circle, layout_loops_cross, basic_altar,
          minivault_28, uniq_louise, uniq_aizul
Elf:2:    nicolae_elf_blades_splatter_lattice
          [nicolae_blade_entry_hurt_lockers], layout_loops_cross
Elf:3:    minmay_elf_hall, layout_gridlike, guppyfry_elf_lava

Skill      XL: |  1  2  3  4  5  6  7  8  9 10 11 12 13 14 15 16 17 18 19 |
---------------+----------------------------------------------------------+-----
Spellcasting   | 1 2 3 4 6 7 8 9 10 11 12 13 | 13.5
Fighting       | 3 4 5 6 7 8 9 10 11 12 13 14 15 | 15.1
Axes           | 3 4 5 6 7 8 9 10 11 12 13 14 15 16 | 16.8
Shapeshifting  | 3 5 7 9 11 12 13 14 15 16 17 | 17.2
Armour         | 1 |  1.0
Dodging        | 3 4 6 7 8 |  8.4
Shields        | 3 5 6 |  6.9

Action                     |  1- 3 |  4- 6 |  7- 9 | 10-12 | 13-15 | 16-18 | 19-21 || total
---------------------------+-------+-------+-------+-------+-------+-------+-------++-------
  Melee: Hand axe          |    72 |    25 |       |       |       |       |       ||    97
         Bite              |    20 |    39 |   113 |   288 |   258 |   459 |   135 ||  1312
         Dagger            |       |    51 |       |   219 |    93 |       |       ||   363
         Short sword       |       |    41 |   276 |   135 |       |       |       ||   452
         Pseudopods        |       |       |       |    60 |    85 |   267 |    80 ||   492
         Demon trident     |       |       |       |   226 |   138 |       |       ||   364
         Battleaxe         |       |       |       |       |   438 |    59 |       ||   497
         Scimitar          |       |       |       |       |    14 |       |       ||    14
         Great sword       |       |       |       |       |    13 |       |       ||    13
         Executioner's axe |       |       |       |       |       |   114 |       ||   114
         Broad axe         |       |       |       |       |       |   820 |   359 ||  1179
  Throw: Dart              |       |       |       |     1 |       |       |       ||     1
         Throwing net      |       |       |       |       |     1 |       |       ||     1
 Invoke: Oozemancy         |       |       |       |     2 |     1 |     1 |     1 ||     5
  Evoke: Wand              |       |       |       |     6 |     6 |     1 |       ||    13
    Use: Potion            |     1 |     2 |       |    10 |     2 |       |       ||    15
         Scroll            |       |       |     7 |     8 |     3 |     4 |     5 ||    27
   Stab: Paralysed         |       |       |     4 |       |       |       |       ||     4
         Petrified         |       |       |       |     6 |       |       |       ||     6
         Distracted        |       |       |       |       |     3 |     2 |     1 ||     6
         Sleeping          |       |       |       |       |     2 |     1 |     1 ||     4
         Confused          |       |       |       |       |     1 |    67 |     3 ||    71
 Armour: Robe              |    16 |     3 |       |       |       |       |       ||    19
         Scale mail        |       |    45 |   132 |   256 |    48 |       |       ||   481
         Skin              |       |       |       |       |   557 |   715 |   161 ||  1433
  Dodge: Dodged            |    48 |    66 |   204 |   408 |   894 |  1585 |   433 ||  3638
  Block: Tower shield      |       |       |       |       |    37 |  1143 |   609 ||  1789
   Form: Statue            |       |       |       |       |     1 |     1 |       ||     2
                           |       |       |       |       |       |     1 |       ||     1

Table legend: (Time is in decaauts)
 A = Elapsed time spent in this place.
 B = Non-inter-level travel time spent in this place.
 C = Inter-level travel time spent in this place.
 D = Time resting spent in this place.
 E = Time spent auto-exploring this place.
 F = Levels seen in this place.
 G = Mean time per level.
                   A        B        C        D        E       F      G
               +--------+--------+--------+--------+--------+-----+--------+
         Total |  36146 |  33020 |   3126 |    145 |  23158 |  41 |  881.6 |
       Dungeon |  14417 |  12796 |   1621 |     95 |   9784 |  15 |  961.1 |
          Lair |   5327 |   4848 |    479 |     12 |   3391 |   5 | 1065.4 |
        Shoals |   5288 |   4975 |    313 |      0 |   3228 |   4 | 1322.0 |
   Spider Nest |   3741 |   3539 |    202 |      0 |   2080 |   4 |  935.2 |
    Slime Pits |   1814 |   1577 |    237 |      0 |   1447 |   5 |  362.8 |
  Orcish Mines |   1076 |    913 |    163 |      0 |    607 |   2 |  538.0 |
   Elven Halls |   3394 |   3288 |    106 |     28 |   2359 |   3 | 1131.3 |
         Sewer |    215 |    215 |      0 |      0 |    120 |   1 |  215.0 |
        Bailey |    323 |    323 |      0 |     10 |     64 |   1 |  323.0 |
      Ice Cave |    547 |    547 |      0 |      0 |     76 |   1 |  547.0 |
               +--------+--------+--------+--------+--------+-----+--------+

Top non-repeatable levels by time:
Shoals:2: 1565 daAuts
   Elf:2: 1422 daAuts
Shoals:1: 1263 daAuts
  Lair:3: 1260 daAuts
     D:9: 1253 daAuts
Shoals:4: 1252 daAuts
     D:4: 1214 daAuts
Shoals:3: 1206 daAuts
  Lair:1: 1190 daAuts
    D:12: 1176 daAuts
    D:10: 1166 daAuts
    D:15: 1160 daAuts
Spider:3: 1127 daAuts
Spider:4: 1110 daAuts
    D:13: 1052 daAuts
